 Dungeon Crawl Stone Soup version 0.30-a0-799-g109b55a442 (webtiles) character file.

Game seed: 8518106778322985423

457 jimonade the Chopper (level 7, -8/60 HPs)
             Began as a Hill Orc Fighter on Feb 20, 2023.
             Mangled by a hornet (9 damage)
             ... on level 3 of the Dungeon.
             The game lasted 00:04:25 (2565 turns).

jimonade the Chopper (Hill Orc Fighter)             Turns: 2565, Time: 00:04:26

Health: -8/60      AC: 12    Str: 19    XL:     7   Next: 6%
Magic:  7/7        EV:  9    Int: 10    God:
Gold:   198        SH:  4    Dex: 10    Spells: 6/6 levels left

rFire   . . .      SeeInvis .    a - +0 war axe
rCold   . . .      Faith    .    c - +0 buckler
rNeg    . . .      Spirit   .    b - +0 scale mail
rPois   .          Reflect  .    (no helmet)
rElec   .          Harm     .    (no cloak)
rCorr   .          Rampage  .    (no gloves)
Will    .....                    f - +0 pair of boots Stlth
                                 (no amulet)
HPRegen 0.30/turn                i - +4 ring of protection
MPRegen 0.10/turn                (no ring)

@: lethally poisoned (-8 -> -23), slowed, very slow
A: no striking features
a: no special abilities


You were on level 3 of the Dungeon.
You visited 1 branch of the dungeon, and saw 4 of its levels.

You collected 198 gold pieces.

Inventory:

Hand Weapons
 a - a +0 war axe (weapon)
 s - a +0 sling
 u - a +1 dagger of draining
Missiles
 p - 19 stones (quivered)
 r - 4 poisoned darts
Armour
 b - a +0 scale mail (worn)
 c - a +0 buckler (worn)
 f - a +0 pair of boots (worn)
Jewellery
 i - a +4 ring of protection (left hand)
Scrolls
 e - 3 scrolls of vulnerability
 t - 2 scrolls of teleportation
Potions
 d - 2 potions of might
 g - 3 potions of degeneration
 j - 2 potions of flight
 l - 2 potions of magic
 n - a potion of heal wounds {unknown}
 o - 3 potions of curing
 q - 2 potions of mutation


   Skills:
 + Level 4.3 Fighting
 * Level 7.4 Axes
 + Level 4.3 Armour
 + Level 1.3 Dodging
 + Level 0.2 Stealth
 + Level 4.3 Shields


You had 6 spell levels left.
You didn't know any spells.
Your spell library contained the following spells:

 Spells                   Type           Power      Damage    Failure   Level
 Sandblast                Erth           0%         2d4       82%         1
 Slow                     Hex            0%         N/A       82%         1
 Sting                    Tmut/Pois      0%         1d3       82%         1
 Passwall                 Tmut/Erth      0%         N/A       91%         2
 Call Canine Familiar     Summ           0%         N/A       99%         3
 Confusing Touch          Hex            0%         N/A       99%         3
 Ozocubu's Armour         Ice            0%         N/A       99%         3
 Portal Projectile        Hex/Tloc       0%         N/A       99%         3
 Stone Arrow              Conj/Erth      0%         3d7       99%         3
 Vampiric Draining        Necr           0%         2d6       99%         3
 Leda's Liquefaction      Hex/Erth       0%         N/A       100%        4
 Ozocubu's Refrigeration  Ice            0%         4d7       100%        7


Dungeon Overview and Level Annotations

Branches:
Dungeon (4/15)
 Temple: D:4-7

Altars:


Message History

You are poisoned.
You feel yourself slow down.
You hit the hornet.
The hornet is lightly wounded.
You feel yourself speed up.
You feel very sick. The hornet closely misses you.
The hornet stings you but does no damage.
You block the hornet's attack.
You miss the hornet.
The hornet is lightly wounded.
You feel sick. The hornet barely misses you.
The hornet stings you but does no damage.
You are too injured to fight recklessly!
You are too injured to fight recklessly!
You are too injured to fight recklessly!
You barely miss the hornet.
The hornet is lightly wounded.
You feel sick. The hornet stings you.
You are more poisoned.
You feel yourself slow down. The hornet stings you.
* * * LOW HITPOINT WARNING * * *
You feel as though you will be slow longer.
You miss the hornet.
The hornet is lightly wounded.
* * * LOW HITPOINT WARNING * * *
You feel extremely sick.
The hornet stings you but does no damage.
The hornet barely misses you.
The hornet stings you but does no damage.
You barely miss the hornet.
The hornet is lightly wounded.
You feel yourself speed up.
* * * LOW HITPOINT WARNING * * *
You feel very sick. The hornet stings you!
* * * LOW HITPOINT WARNING * * *
You are more poisoned.
You feel yourself slow down. The hornet stings you!
You die...

#.##...###...............#
#.##...# #...............#
#....#.# #...............#
#..###.# #...............#
#......###<..............#
...................#######
....)..............#
..........[....y...#
................@..#
................####
.................####
....................##
.....................##
......................#
.....##...............#
.#########............#
.## ###..........#


You could see a hornet.

Vanquished Creatures
  Sigmund (D:3)
  A phantom (D:4)
  A scorpion (D:4)
  A hound (D:2)
  3 gnolls (D:3)
  5 adders (D:2)
  A worm (D:2)
  2 dart slugs
  An orc (D:3)
  8 bats
  6 endoplasms
  2 giant cockroaches
  4 hobgoblins
  4 quokkas
  4 ball pythons
  5 frilled lizards
  4 goblins
  7 kobolds
  A rat (D:2)
61 creatures vanquished.

Notes
Turn   | Place    | Note
-------+----------+-------------------------------------------
     0 | D:1      | jimonade the Hill Orc Fighter began the quest for the Orb.
     0 | D:1      | Reached XP level 1. HP: 19/19 MP: 1/1
   149 | D:1      | Reached XP level 2. HP: 26/27 MP: 2/2
   390 | D:1      | Found a faded altar of an unknown god.
   398 | D:1      | Got Plato's Incunabulum of Configuration
   801 | D:2      | Reached skill level 3 in Axes
   959 | D:2      | Reached XP level 3. HP: 33/33 MP: 3/3
   981 | D:2      | Reached skill level 4 in Axes
  1378 | D:2      | Reached XP level 4. HP: 40/40 MP: 4/4
  1737 | D:3      | Reached skill level 5 in Axes
  2012 | D:2      | Reached XP level 5. HP: 43/46 MP: 5/5
  2112 | D:3      | Noticed Sigmund
  2124 | D:3      | Killed Sigmund
  2125 | D:3      | Reached skill level 6 in Axes
  2125 | D:3      | Reached skill level 1 in Dodging
  2125 | D:3      | Reached XP level 6. HP: 47/52 MP: 6/6
  2506 | D:4      | Reached skill level 7 in Axes
  2532 | D:4      | Reached XP level 7. HP: 51/60 MP: 7/7
  2544 | D:4      | Noticed a hornet
  2565 | D:3      | HP: 1/60 [hornet (7)]
  2565 | D:3      | Mangled by a hornet

Illustrated notes

Levels and vault maps discovered:
D:1:      amcnicky_arrival_gap_in_the_tavern_cellar, layout_loops_ring,
          shapermc_ecumenical_altar_rom_forum, serial_forest,
          infiniplex_forest_side_room, infiniplex_forest_diagonal,
          infiniplex_forest_lined_3, infiniplex_forest_clump_medium,
          infiniplex_forest_lined_ring, infiniplex_forest_lined_2,
          infiniplex_forest_clump_small
D:2:      minmay_evil_eye, layout_loops_ring, minmay_misc_feat_more_columns
D:3:      layout_rooms, uniq_sigmund
D:4:      layout_basic, nicolae_ossuary_entry_ruins,
          cheibrodos_sewer_entry_sluice, kennysheep_generic_room_7

Skill      XL: |  1  2  3  4  5  6 |
---------------+-------------------+-----
Axes           | 3 4 5 6 7 |  7.4
Fighting       | 4 |  4.3
Armour         | 4 |  4.3
Dodging        | 1 |  1.3
Shields        | 4 |  4.3
Stealth        | |  0.2

Action                     |  1- 3 |  4- 6 |  7- 9 || total
---------------------------+-------+-------+-------++-------
  Melee: War axe           |   107 |   114 |     6 ||   227
    Use: Scroll            |       |    10 |       ||    10
 Armour: Scale mail        |    67 |    62 |     5 ||   134
  Dodge: Dodged            |    57 |    75 |     3 ||   135
  Block: Buckler           |    38 |    41 |     1 ||    80

Table legend: (Time is in decaauts)
 A = Elapsed time spent in this place.
 B = Non-inter-level travel time spent in this place.
 C = Inter-level travel time spent in this place.
 D = Time resting spent in this place.
 E = Time spent auto-exploring this place.
 F = Levels seen in this place.
 G = Mean time per level.
                   A        B        C        D        E       F      G
               +--------+--------+--------+--------+--------+-----+--------+
         Total |   2641 |   2468 |    173 |    183 |   1658 |   4 |  660.2 |
       Dungeon |   2641 |   2468 |    173 |    183 |   1658 |   4 |  660.2 |
               +--------+--------+--------+--------+--------+-----+--------+

Top non-repeatable levels by time:
     D:2: 1145 daAuts
     D:1: 796 daAuts
     D:3: 627 daAuts
     D:4: 71 daAuts
